 Dungeon Crawl Stone Soup version 0.31-a0-202-g547052bce9 (webtiles) character file.

Game seed: 9229973170027649975

132 qw the Skirmisher (level 4, -2/25 HPs)
             Began as a Deep Elf Hunter on June 26, 2023.
             Slain by an orc wizard
             ... wielding a +0 dagger
              (3 damage)
             ... on level 3 of the Dungeon.
             The game lasted 00:00:41 (1994 turns).

qw the Skirmisher (Deep Elf Hunter)                 Turns: 1994, Time: 00:00:42

Health: -2/25      AC:  3    Str: 10    XL:     4   Next: 92%
Magic:  6/6        EV: 12    Int: 14    God:
Gold:   143        SH:  0    Dex: 18    Spells: 3/3 levels left

rFire   . . .        Y - +1 shortbow
rCold   . . .        (shield currently unavailable)
rNeg    . . .        c - +0 leather armour
rPois   .            (no helmet)
rElec   .            (no cloak)
rCorr   .            (no gloves)
SInv    .            (no boots)
Will    .....        h - amulet of faith
Stlth   ++           (no ring)
HPRegen 0.24/turn    (no ring)
MPRegen 0.10/turn

%: faith
@: no status effects
A: no striking features
a: no special abilities


You were on level 3 of the Dungeon.
You visited 1 branch of the dungeon, and saw 3 of its levels.

You collected 143 gold pieces.


   Skills:
 - Level 1.5 Fighting
 + Level 8.3 Ranged Weapons
 - Level 2.4 Dodging
 - Level 1.2 Stealth


You had 3 spell levels left.
You didn't know any spells.
Your spell library was empty.

Inventory:

Hand Weapons
 Y - a +1 shortbow (weapon)
Armour
 c - a +0 leather armour (worn)
 g - a +0 ring mail
Jewellery
 h - an amulet of faith (around neck)
Scrolls
 a - 2 scrolls of teleportation {unknown}
 j - a scroll of identify
Potions
 b - a potion of magic {unknown}
 d - a potion of ambrosia {unknown}
 e - 2 potions of attraction {unknown}
 f - a potion of brilliance {unknown}
 i - a potion of enlightenment {unknown}
 k - a potion of heal wounds

Dungeon Overview and Level Annotations

Branches:
Dungeon (3/15)

Altars:


Message History

The magic dart hits you. The orc wizard casts a spell at you.
You resist with some effort.
The orc wizard hits you with a +0 dagger.
You feel less confused.
You shoot an arrow.
The arrow hits the orc wizard but does no damage.
The orc wizard gestures at you while chanting.
You are confused.
The orc hits you but does no damage.
The orc wizard hits you with a +0 dagger.
The orc closely misses you. The orc wizard casts a spell at you.
You resist with some effort. The orc barely misses you.
The orc wizard barely misses you. The orc hits you with a +0 club.
The orc wizard barely misses you.
You feel less confused. The orc hits you with a +0 club.
The orc wizard gestures wildly while chanting.
The orc wizard flickers and vanishes!
Deactivating autopickup; reactivate with Ctrl-A.
You shoot an arrow. The arrow closely misses the orc.
The orc barely misses you. Something hits you.
You shoot an arrow. The arrow hits the orc.
You kill the orc!
Something hits you but does no damage.
You shoot an arrow. Something hits you.
You shoot an arrow.
You hear some strange, mumbled words.
Something tries to affect you, but you resist.
You shoot an arrow.
You hear some strange, mumbled words.
A magic dart appears from out of thin air!
The magic dart hits you!
You shoot an arrow. Something hits you.
You shoot an arrow. Something hits you.
You die...

##########
#........#
#.######.# #####.#
#.#
#######{..#.######.#
......)@#.>.....##.#
.)).###...#.##.....#
# #####.##..#..#
#.##..#..#
#........#
##....#.## #.#.##.#
#.#.##.# #.#.##.#


There were no monsters in sight!

Vanquished Creatures
  An orc priest (D:3)
  An iguana (D:3)
  2 adders
  A worm (D:3)
  7 orcs (D:3)
  4 endoplasms
  5 hobgoblins
  4 quokkas
  4 ball pythons
  3 bats
  5 frilled lizards
  3 goblins
  4 kobolds
  6 rats
50 creatures vanquished.

Notes
Turn   | Place    | Note
-------+----------+-------------------------------------------
     0 | D:1      | qw the Deep Elf Hunter began the quest for the Orb.
     0 | D:1      | Reached XP level 1. HP: 12/12 MP: 3/3
     0 | D:1      | 0 ||| qw: Version: 0.3-a-22-g0ed2b0b
     0 | D:1      | 0 ||| qw: Game counter: 6351
     0 | D:1      | 0 ||| qw: Melee chars always use a shield: true
     0 | D:1      | 0 ||| qw: God list: Okawaru
     0 | D:1      | 0 ||| qw: Allow faded altars: false
     0 | D:1      | 0 ||| qw: Do Orc after clearing Dungeon:15 true
     0 | D:1      | 0 ||| qw: Do second Lair branch before Depths: true
     0 | D:1      | 0 ||| qw: Lair rune preference: random
     0 | D:1      | 0 ||| qw: Goals: Normal
     0 | D:1      | 0 ||| PLANNING D:1-11
   389 | D:1      | Reached XP level 2. HP: 16/16 MP: 4/4
   391 | D:1      | Reached skill level 6 in Ranged Weapons
   805 | D:1      | 805 ||| READING scroll labelled UCETOH OHEXUO.
   806 | D:1      | 806 ||| READING scroll labelled XERUN MERIWE.
   807 | D:1      | 807 ||| READING scroll labelled JYLYUF LAGRAM.
   808 | D:1      | 808 ||| DROPPING scroll of butterflies.
  1021 | D:2      | Reached XP level 3. HP: 20/20 MP: 5/5
  1176 | D:2      | 1176 ||| UPGRADING to amulet of faith.
  1181 | D:2      | 1181 ||| READING 3 scrolls labelled CEFONI XOXECS.
  1182 | D:2      | 1182 ||| READING scroll labelled FAYNWIO BIOR.
  1183 | D:2      | 1183 ||| DRINKING 2 blue potions.
  1184 | D:2      | 1184 ||| DROPPING 2 scrolls of vulnerability.
  1245 | D:3      | Reached skill level 7 in Ranged Weapons
  1247 | D:3      | 1247 ||| FLEEEEING.
  1248 | D:3      | 1248 ||| FLEEEEING.
  1249 | D:3      | 1249 ||| FLEEEEING.
  1250 | D:3      | 1250 ||| FLEEEEING.
  1251 | D:3      | 1251 ||| FLEEEEING.
  1253 | D:3      | 1253 ||| FLEEEEING.
  1254 | D:3      | 1254 ||| FLEEEEING.
  1255 | D:3      | 1255 ||| FLEEEEING.
  1259 | D:3      | 1259 ||| STAIRDANCE
  1715 | D:3      | Reached XP level 4. HP: 25/25 MP: 6/6
  1720 | D:3      | HP: 6/25 [orc/+0 flail (5)]
  1721 | D:3      | 1721 ||| DRINKING potion of heal wounds.
  1807 | D:3      | Reached skill level 8 in Ranged Weapons
  1992 | D:3      | HP: 1/25 [something/magic dart (8)]
  1994 | D:3      | Slain by an orc wizard

Levels and vault maps discovered:
D:1:      dpeg_arrival_castle, layout_basic
D:2:      layout_rooms, minmay_misc_feat_cross, wad_floor_pattern_untrapped
D:3:      layout_loops_corners, minmay_box_of_dots

Skill      XL: |  1  2  3  4 |
---------------+-------------+-----
Ranged Weapons | 6 7 8 |  8.3
Fighting       | |  1.5
Dodging        | |  2.4
Stealth        | |  1.2

Action                     |  1- 3 |  4- 6 || total
---------------------------+-------+-------++-------
   Fire: Shortbow          |    90 |    33 ||   123
    Use: Scroll            |     5 |       ||     5
         Potion            |     1 |     1 ||     2
 Armour: Leather armour    |     4 |     2 ||     6
  Dodge: Dodged            |    23 |    12 ||    35

Table legend:
 A = Non-vault XP
 B = Vault XP
 C = Vault XP percentage of total XP
 D = Non-vault monster count
 E = Vault monster count
 F = Vault count percentage of total count
                 A         B        C        D         E       F
            +---------+---------+-------+---------+---------+-------
      Total |     164 |      25 |  13.2 |      44 |       6 |  12.0
            +---------+---------+-------+---------+---------+-------
        D:1 |      25 |       0 |   0.0 |      17 |       0 |   0.0
        D:2 |      25 |       0 |   0.0 |      10 |       0 |   0.0
        D:3 |     114 |      25 |  18.0 |      17 |       6 |  26.1
            +---------+---------+-------+---------+---------+-------
